[ AOE2 MATCH · #506696675 ]
UnrankedByzantines vs Franks
Player's team · LOSS
Rival team · WIN
[ REPLAY ANALYSIS · EXTRACTED FROM THE RECORDED GAME ]
Feudal
12:45
Castle
—
Imperial
—
| APM avg | 59.3 |
| APM peak | 87 |
| eAPM avg | 29.3 |
| Villagers / military | 81 / 16 |
Focus
⚔️ 20.8% · 🌾 79.2%
Skirmisher ×9 · Spearman ×7
Feudal
9:15
Castle
22:44
Imperial
—
| APM avg | 56.6 |
| APM peak | 85 |
| eAPM avg | 23.5 |
| Villagers / military | 66 / 58 |
Focus
⚔️ 31.7% · 🌾 68.3%
Knight ×29 · Scout Cavalry ×14 · Archer ×13 · Battering Ram ×2
Match map
Initial resources + every placement click. Lines = walls · curves = elevation contours. ◆ gold · ⬟ stone · ● berries · ✦ relic · ◌ wall gap
Your base· ✓ Closed at 27:05 · 128t walls · 1 gate(s)
obezitekaan's base· Open — opponent sealed themselves in
Smoothed initial terrain · ◌ = detected wall gap · hover for details
Inputs per minute
— SUMMER - - obezitekaan
Build order — SUMMER
First 150 of 204 actions detected
| 0:02 | Queue | Villager (Male) |
| 0:02 | Build | House |
| 0:04 | Queue | Villager (Male) |
| 0:05 | Build | House |
| 0:06 | Queue | Villager (Male) |
| 0:06 | Queue | Villager (Male) |
| 1:26 | Queue | Villager (Male) |
| 1:26 | Queue | Villager (Male) |
| 2:01 | Queue | Villager (Male) |
| 2:01 | Queue | Villager (Male) |
| 2:04 | Build | Lumber Camp |
| 2:18 | Queue | Villager (Male) |
| 2:51 | Queue | Villager (Male) |
| 2:52 | Queue | Villager (Male) |
| 3:06 | Queue | Villager (Male) |
| 3:06 | Queue | Villager (Male) |
| 3:28 | Build | House |
| 3:29 | Build | House |
| 3:33 | Queue | Villager (Male) |
| 3:33 | Queue | Villager (Male) |
| 4:41 | Queue | Villager (Male) |
| 4:45 | Queue | Villager (Male) |
| 4:45 | Queue | Villager (Male) |
| 4:45 | Queue | Villager (Male) |
| 4:55 | Build | Palisade Wall |
| 5:05 | Queue | Villager (Male) |
| 5:05 | Queue | Villager (Male) |
| 5:24 | Build | Mill |
| 6:12 | Queue | Villager (Male) |
| 6:13 | Queue | Villager (Male) |
| 6:13 | Queue | Villager (Male) |
| 6:31 | Build | Mill |
| 6:52 | Queue | Villager (Male) |
| 6:52 | Queue | Villager (Male) |
| 6:52 | Queue | Villager (Male) |
| 6:53 | Queue | Villager (Male) |
| 6:53 | Queue | Villager (Male) |
| 7:03 | Build | House |
| 7:14 | Build | Palisade Wall |
| 7:16 | Queue | Villager (Male) |
| 7:16 | Queue | Villager (Male) |
| 7:36 | Build | Palisade Wall |
| 7:46 | Queue | Villager (Male) |
| 7:46 | Queue | Villager (Male) |
| 7:47 | Queue | Villager (Male) |
| 8:11 | Build | Palisade Wall |
| 8:15 | Queue | Villager (Male) |
| 8:15 | Queue | Villager (Male) |
| 8:35 | Queue | Villager (Male) |
| 8:59 | Queue | Villager (Male) |
| 9:00 | Queue | Villager (Male) |
| 9:16 | Build | Palisade Wall |
| 9:26 | Queue | Villager (Male) |
| 9:45 | Build | Palisade Wall |
| 10:06 | Queue | Villager (Male) |
| 10:10 | Research | Loom |
| 10:24 | Research | Feudal Age |
| 11:02 | Build | Palisade Wall |
| 11:10 | Build | Lumber Camp |
| 11:16 | Build | Barracks |
| 11:24 | Build | House |
| 11:28 | Build | Palisade Wall |
| 11:52 | Queue | Villager (Male) |
| 11:59 | Queue | Villager (Male) |
| 12:10 | Build | House |
| 12:12 | Build | Palisade Wall |
| 12:40 | Build | Palisade Wall |
| 12:44 | Build | House |
| 12:45 | Age | Feudal Age |
| 12:52 | Build | Archery Range |
| 12:59 | Queue | Villager (Male) |
| 13:00 | Queue | Spearman |
| 13:05 | Build | House |
| 13:07 | Queue | Villager (Male) |
| 13:07 | Queue | Villager (Male) |
| 13:19 | Queue | Villager (Male) |
| 13:24 | Build | Farm |
| 13:39 | Build | Stone Wall |
| 13:41 | Build | Stone Wall |
| 14:03 | Build | Stone Wall |
| 14:06 | Build | Stone Wall |
| 14:10 | Queue | Skirmisher |
| 14:10 | Queue | Skirmisher |
| 14:10 | Queue | Skirmisher |
| 14:11 | Queue | Villager (Male) |
| 14:15 | Build | Stone Wall |
| 14:16 | Queue | Villager (Male) |
| 14:19 | Build | Mining Camp |
| 14:27 | Build | Stone Wall |
| 14:29 | Build | Stone Wall |
| 14:32 | Build | Stone Wall |
| 14:33 | Queue | Skirmisher |
| 14:41 | Build | Stone Wall |
| 14:42 | Queue | Villager (Male) |
| 14:48 | Queue | Spearman |
| 14:48 | Queue | Spearman |
| 14:53 | Build | Stone Wall |
| 14:54 | Queue | Spearman |
| 14:55 | Queue | Villager (Male) |
| 14:58 | Build | Farm |
| 14:58 | Build | Farm |
| 14:59 | Build | Farm |
| 14:59 | Build | Farm |
| 15:05 | Research | Double-Bit Axe |
| 15:12 | Build | House |
| 15:19 | Build | Stone Wall |
| 15:32 | Queue | Villager (Male) |
| 15:47 | Queue | Villager (Male) |
| 15:52 | Build | House |
| 16:08 | Queue | Skirmisher |
| 16:16 | Build | Farm |
| 16:17 | Build | Farm |
| 16:17 | Build | Farm |
| 16:33 | Build | Stone Wall |
| 16:42 | Build | Farm |
| 16:44 | Queue | Villager (Male) |
| 16:44 | Queue | Villager (Male) |
| 17:03 | Queue | Skirmisher |
| 17:03 | Queue | Skirmisher |
| 17:04 | Queue | Villager (Male) |
| 17:10 | Build | House |
| 17:12 | Build | House |
| 17:23 | Queue | Villager (Male) |
| 17:28 | Queue | Skirmisher |
| 17:39 | Build | House |
| 17:41 | Queue | Skirmisher |
| 18:07 | Build | Watch Tower |
| 18:30 | Queue | Spearman |
| 18:38 | Build | Farm |
| 18:38 | Build | Farm |
| 18:40 | Queue | Villager (Male) |
| 18:40 | Queue | Villager (Male) |
| 18:44 | Build | Watch Tower |
| 18:49 | Queue | Spearman |
| 19:03 | Queue | Villager (Male) |
| 19:06 | Queue | Spearman |
| 19:17 | Build | Gate |
| 19:23 | Build | Mining Camp |
| 19:24 | Queue | Villager (Male) |
| 19:41 | Build | Watch Tower |
| 19:46 | Queue | Villager (Male) |
| 20:06 | Build | Blacksmith |
| 20:07 | Queue | Villager (Male) |
| 20:08 | Queue | Villager (Male) |
| 20:21 | Queue | Villager (Male) |
| 20:24 | Build | House |
| 20:43 | Build | Watch Tower |
| 20:49 | Queue | Villager (Male) |
| 20:50 | Queue | Villager (Male) |
| 21:08 | Queue | Villager (Male) |
Build order — obezitekaan
First 150 of 206 actions detected
| 0:00 | Queue | Villager (Male) |
| 0:01 | Queue | Villager (Male) |
| 0:01 | Queue | Villager (Male) |
| 0:02 | Build | House |
| 0:03 | Build | House |
| 0:07 | Queue | Villager (Male) |
| 1:28 | Queue | Villager (Male) |
| 1:28 | Queue | Villager (Male) |
| 1:48 | Build | Lumber Camp |
| 2:01 | Queue | Villager (Male) |
| 2:01 | Queue | Villager (Male) |
| 2:12 | Queue | Villager (Male) |
| 2:13 | Queue | Villager (Male) |
| 2:54 | Queue | Villager (Male) |
| 3:07 | Queue | Villager (Male) |
| 3:36 | Queue | Villager (Male) |
| 3:36 | Queue | Villager (Male) |
| 3:45 | Build | House |
| 4:01 | Queue | Villager (Male) |
| 4:01 | Queue | Villager (Male) |
| 4:28 | Queue | Villager (Male) |
| 4:28 | Queue | Villager (Male) |
| 4:29 | Queue | Villager (Male) |
| 4:56 | Build | Mill |
| 5:04 | Queue | Villager (Male) |
| 5:05 | Queue | Villager (Male) |
| 5:11 | Build | House |
| 5:47 | Queue | Villager (Male) |
| 5:48 | Queue | Villager (Male) |
| 5:59 | Research | Loom |
| 6:23 | Queue | Villager (Male) |
| 7:01 | Research | Feudal Age |
| 7:15 | Build | House |
| 7:47 | Queue | Villager (Male) |
| 7:57 | Build | Barracks |
| 8:25 | Queue | Villager (Male) |
| 8:44 | Queue | Villager (Male) |
| 8:56 | Build | House |
| 9:02 | Queue | Villager (Male) |
| 9:15 | Age | Feudal Age |
| 9:18 | Build | Stable |
| 9:27 | Queue | Villager (Male) |
| 9:30 | Build | House |
| 9:45 | Queue | Scout Cavalry |
| 9:45 | Queue | Scout Cavalry |
| 9:57 | Build | Mill |
| 10:04 | Build | Farm |
| 10:07 | Queue | Scout Cavalry |
| 10:14 | Queue | Villager (Male) |
| 10:18 | Research | Double-Bit Axe |
| 10:55 | Queue | Villager (Male) |
| 11:02 | Build | Farm |
| 11:05 | Queue | Villager (Male) |
| 11:23 | Queue | Villager (Male) |
| 11:26 | Queue | Scout Cavalry |
| 11:26 | Queue | Scout Cavalry |
| 11:44 | Queue | Villager (Male) |
| 11:54 | Queue | Scout Cavalry |
| 11:56 | Build | Farm |
| 11:56 | Build | Farm |
| 12:07 | Queue | Scout Cavalry |
| 12:18 | Build | Farm |
| 12:30 | Queue | Villager (Male) |
| 12:44 | Queue | Scout Cavalry |
| 12:55 | Queue | Villager (Male) |
| 13:01 | Queue | Villager (Male) |
| 13:04 | Build | Farm |
| 13:05 | Build | Farm |
| 13:05 | Build | Farm |
| 13:05 | Build | Farm |
| 13:05 | Build | Farm |
| 13:05 | Build | Farm |
| 13:10 | Queue | Villager (Male) |
| 13:13 | Build | House |
| 13:25 | Queue | Scout Cavalry |
| 13:26 | Queue | Villager (Male) |
| 13:27 | Build | Farm |
| 13:51 | Queue | Villager (Male) |
| 13:57 | Build | House |
| 14:09 | Queue | Scout Cavalry |
| 14:30 | Build | Archery Range |
| 14:41 | Queue | Scout Cavalry |
| 14:42 | Queue | Villager (Male) |
| 14:50 | Queue | Villager (Male) |
| 14:53 | Build | Farm |
| 15:02 | Build | Palisade Wall |
| 15:19 | Build | Mining Camp |
| 15:37 | Queue | Archer |
| 15:38 | Queue | Archer |
| 15:46 | Build | House |
| 15:48 | Build | Palisade Wall |
| 15:49 | Queue | Villager (Male) |
| 15:52 | Queue | Villager (Male) |
| 15:58 | Build | House |
| 16:03 | Build | House |
| 16:06 | Queue | Villager (Male) |
| 16:18 | Build | House |
| 16:29 | Queue | Scout Cavalry |
| 16:30 | Queue | Villager (Male) |
| 16:36 | Queue | Scout Cavalry |
| 16:43 | Queue | Villager (Male) |
| 16:45 | Build | Farm |
| 16:45 | Build | Farm |
| 16:46 | Build | Farm |
| 16:46 | Build | Farm |
| 17:06 | Queue | Archer |
| 17:10 | Build | House |
| 17:14 | Build | Lumber Camp |
| 17:31 | Queue | Villager (Male) |
| 17:54 | Queue | Villager (Male) |
| 18:04 | Queue | Villager (Male) |
| 18:11 | Queue | Villager (Male) |
| 18:21 | Queue | Villager (Male) |
| 18:24 | Build | Farm |
| 18:28 | Build | House |
| 18:29 | Build | Palisade Wall |
| 18:29 | Build | Palisade Wall |
| 18:33 | Queue | Archer |
| 18:34 | Queue | Archer |
| 18:41 | Build | Palisade Wall |
| 18:49 | Research | Wheelbarrow |
| 19:02 | Build | Blacksmith |
| 19:04 | Build | Palisade Wall |
| 19:06 | Queue | Villager (Male) |
| 19:11 | Queue | Archer |
| 19:35 | Queue | Archer |
| 19:40 | Research | Castle Age |
| 19:48 | Build | House |
| 19:52 | Build | Palisade Wall |
| 20:04 | Queue | Scout Cavalry |
| 20:14 | Build | Farm |
| 20:14 | Build | Farm |
| 20:15 | Build | Farm |
| 20:15 | Build | Farm |
| 20:18 | Research | Scale Barding Armor |
| 20:18 | Research | Forging |
| 20:47 | Build | Palisade Wall |
| 20:56 | Queue | Archer |
| 21:05 | Queue | Villager (Male) |
| 21:07 | Queue | Archer |
| 21:10 | Queue | Archer |
| 21:13 | Queue | Archer |
| 21:22 | Queue | Archer |
| 21:24 | Build | Stable |
| 21:31 | Research | Forging |
| 21:55 | Build | House |
| 21:56 | Build | House |
| 21:59 | Build | Farm |
| 21:59 | Build | Farm |
| 22:01 | Build | Farm |
Match timeline
| 4:55 | SUMMER · wall_segment Palisade Wall x10 |
| 7:14 | SUMMER · wall_segment Palisade Wall x23 |
| 7:36 | SUMMER · wall_segment Palisade Wall x11 |
| 7:57 | obezitekaan · first_building Barracks |
| 8:11 | SUMMER · wall_segment Palisade Wall x4 |
| 9:15 | obezitekaan · age_up feudal |
| 9:16 | SUMMER · wall_segment Palisade Wall x15 |
| 9:18 | obezitekaan · first_building Stable |
| 9:45 | SUMMER · wall_segment Palisade Wall x7 |
| 11:02 | SUMMER · wall_segment Palisade Wall x11 |
| 11:16 | SUMMER · first_building Barracks |
| 11:28 | SUMMER · wall_segment Palisade Wall x1 |
| 12:12 | SUMMER · wall_segment Palisade Wall x1 |
| 12:40 | SUMMER · wall_segment Palisade Wall x1 |
| 12:45 | SUMMER · age_up feudal |
| 12:52 | SUMMER · first_building Archery Range |
| 13:39 | SUMMER · wall_segment Stone Wall x1 |
| 13:41 | SUMMER · wall_segment Stone Wall x1 |
| 14:03 | SUMMER · wall_segment Stone Wall x3 |
| 14:06 | SUMMER · wall_segment Stone Wall x1 |
| 14:15 | SUMMER · wall_segment Stone Wall x5 |
| 14:27 | SUMMER · wall_segment Stone Wall x3 |
| 14:29 | SUMMER · wall_segment Stone Wall x1 |
| 14:30 | obezitekaan · first_building Archery Range |
| 14:32 | SUMMER · wall_segment Stone Wall x1 |
| 14:41 | SUMMER · wall_segment Stone Wall x1 |
| 14:53 | SUMMER · wall_segment Stone Wall x5 |
| 15:02 | obezitekaan · wall_segment Palisade Wall x5 |
| 15:19 | SUMMER · wall_segment Stone Wall x1 |
| 15:48 | obezitekaan · wall_segment Palisade Wall x2 |
| 16:33 | SUMMER · wall_segment Stone Wall x3 |
| 18:29 | obezitekaan · wall_segment Palisade Wall x1 |
| 18:29 | obezitekaan · wall_segment Palisade Wall x1 |
| 18:41 | obezitekaan · wall_segment Palisade Wall x1 |
| 19:04 | obezitekaan · wall_segment Palisade Wall x13 |
| 19:52 | obezitekaan · wall_segment Palisade Wall x1 |
| 20:47 | obezitekaan · wall_segment Palisade Wall x1 |
| 21:54 | SUMMER · wall_segment Stone Wall x3 |
| 21:57 | SUMMER · wall_segment Stone Wall x5 |
| 22:44 | obezitekaan · age_up castle |
| 22:54 | SUMMER · wall_segment Stone Wall x7 |
| 22:59 | SUMMER · wall_segment Stone Wall x7 |
| 23:28 | SUMMER · wall_segment Stone Wall x1 |
| 25:18 | obezitekaan · first_building Siege Workshop |
| 25:19 | SUMMER · wall_segment Stone Wall x1 |
| 25:20 | SUMMER · wall_segment Stone Wall x1 |
| 25:20 | SUMMER · wall_segment Stone Wall x1 |
| 25:22 | SUMMER · wall_segment Stone Wall x1 |
| 26:45 | SUMMER · wall_segment Stone Wall x3 |
| 27:12 | SUMMER · wall_segment Stone Wall x9 |
| 27:16 | SUMMER · wall_segment Stone Wall x4 |
| 27:20 | SUMMER · wall_segment Stone Wall x5 |
| 28:22 | SUMMER · resign |
[ AI ANALYSIS · 1 CREDIT ]
What really happened in this match?
Wolo.gg analyzes every decision: build order, eco, micro, common mistakes by bracket. Personalized analysis on WhatsApp or Discord in 30 seconds.
Civ guide
Byzantines
Perfil
Jugador #25845906